 Dungeon Crawl Stone Soup version 0.19.4 (webtiles) character file.

1840 Naow the Thaumaturge (level 8, -1/41 HPs)
             Began as a Deep Elf Fire Elementalist on Feb 2, 2017.
             Was a Follower of Vehumet.
             Killed by divine providence
             ... invoked by an orc priest
              (13 damage)
             ... on level 7 of the Dungeon.
             The game lasted 00:15:07 (9128 turns).

Naow the Thaumaturge (Deep Elf Fire Elementalist)   Turns: 9128, Time: 00:15:08

Health: -1/41      AC:  2    Str:  5    XL:     8   Next: 87%
Magic:  11/22      EV: 22    Int: 23    God:    Vehumet [*.....]
Gold:   336        SH:  0    Dex: 15    Spells: 5 memorised, 9 levels left

rFire  . . .     SeeInvis .     p - +2 short sword (freeze)
rCold  . . .     Gourm    .     a - +0 robe
rNeg   . . .     Faith    .     (no shield)
rPois  .         Spirit   .     (no helmet)
rElec  .         Reflect  .     (no cloak)
rCorr  .         Harm     .     (no gloves)
MR     +....                    (no boots)
Stlth  ++........               (no amulet)
                                D - +6 ring of evasion
                                j - ring of protection from magic

@: no status effects
A: no striking features
a: Renounce Religion


You were on level 7 of the Dungeon.
You worshipped Vehumet.
Vehumet was aware of your devotion.
You were not hungry.

You visited 2 branches of the dungeon, and saw 8 of its levels.

You collected 336 gold pieces.

Inventory:

Hand Weapons
 p - a +2 short sword of freezing (weapon)
Armour
 a - a +0 robe (worn)
Jewellery
 j - a ring of protection from magic (left hand)
 D - a +6 ring of evasion (right hand)
Scrolls
 d - 7 scrolls of remove curse {unknown}
 f - a scroll of enchant armour {unknown}
 h - 3 scrolls of immolation {unknown}
 i - 4 scrolls of amnesia {unknown}
 l - 3 scrolls of teleportation {unknown}
 m - 5 scrolls of identify {unknown}
 u - 4 scrolls of blinking {unknown}
 x - a scroll of magic mapping {unknown}
 y - a scroll of enchant weapon {unknown}
 A - 2 scrolls of fear {unknown}
 B - a scroll of fog {unknown}
Potions
 e - 6 potions of curing {unknown}
 g - 2 potions of might {unknown}
 k - 2 potions of resistance {unknown}
 n - 3 potions of degeneration {unknown}
 o - a potion of brilliance {unknown}
 q - 2 potions of haste {unknown}
 s - a potion of flight {unknown}
 v - a potion of cancellation {unknown}
 w - 2 potions of agility {unknown}
 z - a potion of heal wounds {unknown}
 C - a potion of berserk rage {unknown}
Books
 b - a book of Flames

   Spells                             Type                      Level
   a - Flame Tongue                   Conjuration/Fire             1
   b - Throw Flame                    Conjuration/Fire             2
   c - Conjure Flame                  Conjuration/Fire             3
   d - Inner Flame                    Hexes/Fire                   3
   e - Sticky Flame                   Conjuration/Fire             4
   f - Fireball                       Conjuration/Fire             5
Comestibles
 c - 3 bread rations
 r - 2 meat rations
 t - 11 fruits
 E - 5 chunks of flesh


   Skills:
 + Level 5.9 Dodging
 - Level 2.4 Stealth
 + Level 8.6 Spellcasting
 + Level 6.3 Conjurations
 + Level 7.7 Fire Magic


You had 9 spell levels left.
You knew the following spells:

 Your Spells              Type           Power        Failure   Level  Hunger
a - Flame Tongue          Conj/Fire      #####        1%          1    None
b - Throw Flame           Conj/Fire      #####.       1%          2    None
c - Conjure Flame         Conj/Fire      #####...     1%          3    None
d - Sticky Flame          Conj/Fire      #####...     4%          4    ##.....
e - Fireball              Conj/Fire      #####.....   12%         5    #####..


Dungeon Overview and Level Annotations

Branches:
Dungeon (7/15)             Temple (1/1) D:6

Altars:
Ashenzari
Cheibriados
Dithmenos
Elyvilon
Fedhas
Hepliaklqana
Kikubaaqudgha
Nemelex Xobeh
Okawaru
Qazlal
Ru
Trog
Vehumet
Xom
Yredelemnul
Zin
The Shining One

Shops:
D:6 [

Annotations:
D:7 exclusion: oklob plant


Message History

You can't place the cloud on a creature.
Casting: Conjure Flame
Confirm with . or Enter, or press ? or * to list all spells.
Aiming: Throw Flame
Press: ? - help, Shift-Dir - straight line, f/p - orc
Aim: an orc, wielding a flail The puff of flame hits the orc.
You kill the orc!
Vehumet accepts your kill.
You feel your power returning.
Casting: Throw Flame
Confirm with . or Enter, or press ? or * to list all spells.
Aiming: Throw Flame
Press: ? - help, Shift-Dir - straight line, f - orc priest
Aim: an orc priest, wielding a club The puff of flame hits the orc priest.
The orc priest is lightly wounded.
The orc priest invokes the aid of Beogh against you.
Beogh smites you!
You die...

### #.# ## #. ...
##.## #. ###
##...## #.
####.....#########.
#.............)...)
#.##.....##########
#.###...##
#o####.####.##
#..5.o.@....#
........######
#########


You could see 2 orc priests and a crimson imp.

Vanquished Creatures
  A hornet (D:7)
  An ice beast (D:6)
  An ogre (D:3)
  3 centaurs
  A gnoll sergeant (D:7)
  2 bullfrogs
  3 scorpions
  4 crimson imps
  5 jellies (D:7)
  A bullfrog skeleton (D:7)
  An orc priest (D:7)
  A gnoll shaman (D:7)
  2 centaur skeletons
  An orc wizard (D:7)
  3 worker ants
  A howler monkey zombie (D:5)
  11 gnolls
  9 adders
  7 oozes (D:7)
  An adder skeleton (D:5)
  An adder zombie (D:5)
  2 worms (D:2)
  4 dart slugs
  7 leopard geckos
  15 orcs
  7 giant cockroaches
  9 goblins
  7 hobgoblins
  7 jackals
  7 quokkas
  6 bats
  4 frilled lizards
  A giant cockroach zombie (D:5)
  A jackal skeleton (D:6)
  4 kobolds (D:2)
  A leopard gecko skeleton (D:7)
  7 rats
149 creatures vanquished.

Vanquished Creatures (others)
  7 fungi (D:7)
7 creatures vanquished.

Grand Total: 156 creatures vanquished

Notes
Turn   | Place    | Note
-------+----------+-------------------------------------------
     0 | D:1      | Naow the Deep Elf Fire Elementalist began the quest for the Orb.
     0 | D:1      | Reached XP level 1. HP: 10/10 MP: 6/6
   352 | D:1      | Reached XP level 2. HP: 15/15 MP: 5/8
   356 | D:1      | Learned a level 2 spell: Throw Flame
  1365 | D:2      | Reached XP level 3. HP: 19/19 MP: 6/10
  1418 | D:2      | Learned a level 3 spell: Conjure Flame
  1469 | D:2      | Reached skill level 4 in Spellcasting
  1732 | D:2      | Found a faded altar of an unknown god.
  1934 | D:2      | Found a bloodstained altar of Trog.
  2043 | D:2      | Reached XP level 4. HP: 10/24 MP: 2/12
  2568 | D:3      | Learned a level 4 spell: Sticky Flame
  2798 | D:3      | Noticed an ogre
  2805 | D:3      | Killed an ogre
  2805 | D:3      | Reached skill level 5 in Spellcasting
  2805 | D:3      | Reached XP level 5. HP: 28/28 MP: 0/14
  3253 | D:3      | Found a sparkling altar of Nemelex Xobeh.
  3253 | D:3      | Found a glowing silver altar of Zin.
  3328 | D:3      | Found a snail-covered altar of Cheibriados.
  3492 | D:4      | Reached skill level 5 in Fire Magic
  3789 | D:4      | Reached XP level 6. HP: 32/32 MP: 11/16
  4476 | D:5      | Entered Level 5 of the Dungeon
  5174 | D:5      | Reached skill level 6 in Spellcasting
  5211 | D:5      | Reached XP level 7. HP: 33/36 MP: 0/18
  5368 | D:5      | Found a shimmering altar of Xom.
  6826 | D:6      | Reached skill level 7 in Spellcasting
  7026 | D:6      | Reached skill level 5 in Conjurations
  7143 | D:6      | Learned a level 5 spell: Fireball
  7246 | D:6      | Found a staircase to the Ecumenical Temple.
  7260 | Temple   | Entered the Ecumenical Temple
  7267 | Temple   | Became a worshipper of Vehumet
  7367 | D:6      | Found Itasm's Antique Armour Emporium.
  7411 | D:6      | Reached XP level 8. HP: 41/41 MP: 9/21
  8000 | D:7      | Noticed a hornet
  8003 | D:7      | Killed a hornet
  8056 | D:7      | Reached skill level 5 in Dodging
  8157 | D:7      | Noticed an oklob plant
  8254 | D:7      | Reached skill level 8 in Spellcasting
  8388 | D:7      | Reached * piety under Vehumet
  8388 | D:7      | Offered knowledge of Sting by Vehumet.
  9128 | D:7      | Killed from afar by an orc priest

Skill      XL: |  1  2  3  4  5  6  7  8 |
---------------+-------------------------+-----
Fire Magic     | 4 5 6 7 |  7.7
Spellcasting   | 4 5 6 7 8 |  8.6
Conjurations   | 2 3 4 5 6 |  6.3
Dodging        | 4 5 |  5.9
Stealth        | |  2.4

Action                   |  1- 3 |  4- 6 |  7- 9 || total
-------------------------+-------+-------+-------++-------
Melee: Short sword       |       |     5 |   140 ||   145
 Cast: Flame Tongue      |    86 |    92 |    72 ||   250
       Throw Flame       |       |    23 |    89 ||   112
       Conjure Flame     |       |     2 |     4 ||     6
       Sticky Flame      |       |       |     7 ||     7
  Eat: Chunk             |     3 |    10 |    12 ||    25
       Fruit             |       |       |     1 ||     1
Armor: Robe              |     9 |     5 |    14 ||    28
Dodge: Dodged            |    24 |    43 |   149 ||   216
